 Dungeon Crawl Stone Soup version 0.17-a0-1942-g46ae386 (webtiles) character file.

3672 pk666 the Thaumaturge (level 9, -1/67 HPs)
             Began as a Deep Elf Wizard on Sept 30, 2015.
             Was a Believer of Sif Muna.
             Slain by a griffon (10 damage)
             ... on level 7 of the Dungeon.
             The game lasted 00:43:56 (10983 turns).

pk666 the Thaumaturge (Deep Elf Wizard)            Turns: 10983, Time: 00:43:57

Health: -1/67      AC: 24    Str:  4    XL:     9   Next: 89%
Magic:  1/25       EV:  2    Int: 29    God:    Sif Muna [**....]
Gold:   389        SH:  0    Dex: 13    Spells: 6 memorised, 13 levels left

rFire  . . .     SeeInvis .     e - +0 dagger
rCold  . . .     Clarity  .     (armour currently unavailable)
rNeg   + + +     SustAt   .     (no shield)
rPois  +         Gourm    .     (helmet currently unavailable)
rElec  .         Spirit   .     (cloak currently unavailable)
rCorr  .         Warding  .     (gloves currently unavailable)
rMut   .         NoTele   +     (boots currently unavailable)
MR     .....                    (no amulet)
Stlth  +++.......               n - ring of invisibility
                                k - +2 ring of intelligence

@: tree-form, repel missiles, not resistant to hostile enchantments, fairly
stealthy
A: no striking features
a: Channel Energy, Forget Spell, Renounce Religion, Evoke Invisibility


You were on level 7 of the Dungeon.
You worshipped Sif Muna.
Sif Muna was pleased with you.
You were near starving.
You were a tree.
You visited 2 branches of the dungeon, and saw 8 of its levels.

You collected 389 gold pieces.

Inventory:

Hand weapons
 e - a +0 dagger (weapon)
Armour
 b - a +0 hat (melded)
 F - a +2 robe (melded)
 P - a +0 cloak (melded)
Jewellery
 a - the amulet of Meid {Faith rF+, unknown}
   (You found it on level 6 of the Dungeon)

   [amulet of faith]

   It allows you to gain divine favour quickly.
   It protects you from fire.
 k - a +2 ring of intelligence (left branch)
 n - a ring of invisibility (right branch)
 p - an uncursed ring of stealth {unknown}
 y - an uncursed amulet of the gourmand {unknown}
 I - a +3 ring of evasion {unknown}
 J - an uncursed ring of sustain attributes {unknown}
Magical devices
 x - a wand of magic darts (30)
 L - a wand of random effects (27)
 Q - a wand of fire (5)
Scrolls
 f - 5 scrolls of identify {unknown}
 l - 3 scrolls of remove curse {unknown}
 m - 3 scrolls of recharging {unknown}
 u - a scroll of fog {unknown}
 v - 2 scrolls of random uselessness {unknown}
 w - 2 scrolls of teleportation {unknown}
 A - 3 scrolls of fear {unknown}
 B - 2 scrolls of immolation {unknown}
 C - a scroll of amnesia {unknown}
 E - 2 scrolls of enchant armour {unknown}
 G - a scroll of noise {unknown}
Potions
 g - a potion of mutation {unknown}
 h - a potion of curing {unknown}
 j - 3 potions of haste {unknown}
 o - a potion of might {unknown}
 q - 2 potions of lignification
 s - 2 potions of beneficial mutation {unknown}
 D - a potion of poison {unknown}
 M - a potion of flight {unknown}
 N - a potion of brilliance {unknown}
 R - a potion of cure mutation {unknown}
Books
 c - a book of Minor Magic

   Spells                             Type                      Level
   a - Magic Dart                     Conjuration                  1
   b - Blink                          Translocation                2
   c - Call Imp                       Summoning                    2
   d - Repel Missiles                 Charms/Air                   2
   e - Slow                           Hexes                        2
   f - Conjure Flame                  Conjuration/Fire             3
   g - Mephitic Cloud                 Conjuration/Poison/Air       3
 K - a book of Clouds

   Spells                             Type                      Level
   a - Mephitic Cloud                 Conjuration/Poison/Air       3
   b - Conjure Flame                  Conjuration/Fire             3
   c - Poisonous Cloud                Conjuration/Poison/Air       6
   d - Freezing Cloud                 Conjuration/Ice/Air          6
   e - Ring of Flames                 Charms/Fire                  7
 O - a book of the Tempests

   Spells                             Type                      Level
   a - Static Discharge               Conjuration/Air              3
   b - Lightning Bolt                 Conjuration/Air              5
   c - Fireball                       Conjuration/Fire             5
   d - Tornado                        Air                          9
   e - Shatter                        Earth                        9
Comestibles
 d - 7 bread rations
 i - 2 slices of pizza
 t - 10 fruits
 z - 2 meat rations
 H - a royal jelly
 S - 6 beef jerkies


   Skills:
 - Level 3.3 Dodging
 - Level 2.4 Stealth
 + Level 10.5 Spellcasting
 + Level 8.1 Conjurations
   Level 1.1 Summonings
 - Level 1.1 Translocations
 + Level 6.7 Fire Magic
 - Level 4.7 Air Magic
 - Level 5.2 Poison Magic


You had 13 spell levels left.
You knew the following spells:

 Your Spells              Type           Power        Failure   Level  Hunger
d - Conjure Flame         Conj/Fire      ######..     1%          3    None
f - Fireball              Conj/Fire      ######....   6%          5    ###....
q - Blink                 Tloc           N/A          3%          2    None
w - Repel Missiles        Chrm/Air       ####..       1%          2    None
x - Mephitic Cloud        Conj/Pois/Air  ######..     1%          3    None
z - Magic Dart            Conj           ####         1%          1    None


Dungeon Overview and Level Annotations

Branches:
Dungeon (7/15)             Temple (1/1) D:6

Altars:
Ashenzari
Cheibriados
Dithmenos
Elyvilon
Fedhas
Gozag
Kikubaaqudgha
Makhleb
Nemelex Xobeh
Okawaru
Qazlal
Ru
Sif Muna
Trog
Vehumet
Xom
Yredelemnul
Zin
The Shining One

Annotations:
D:3 ololoev's ghost, average HOFi


Message History

The griffon is severely wounded.
The griffon bites you.
* * * LOW HITPOINT WARNING * * *
The griffon pecks you.
* * * LOW HITPOINT WARNING * * *
The griffon claws you.
* * * LOW HITPOINT WARNING * * *
Casting: Magic Dart
Confirm with . or Enter, or press ? or * to list all spells.
You don't have enough magic to cast that spell.
Drink which item? (? for menu, Esc to quit)
Okay, then.
Evoke which item? (* to show all) (? for menu, Esc to quit)
Zapping:
Q - a wand of fire (will waste charges)
Press: ? - help, Shift-Dir - straight line, f - polar bear, p - griffon
Aim: a polar bear (heavily wounded)
The bolt of fire misses the griffon.
The bolt of fire misses the polar bear.
Evoking this partially-identified wand wasted a few charges.
The griffon bites you!
You die...

......##.###.# #..##
......##..##.# #..##
......###.##.################..##
..#...# #.##..[#....##....#......
..#...###.##...#.[..##....#####..
...............#....##........#..
...#...........#....#####.....#..
...#...........#....#####.h...#..
...#...........#♣H..§.†h§Yh......
...#...........#...########......
...#..........##..#########......
...#.......#).....###....######h.
..##.........>....#..#(§.# #.Y
...................###...# #..
....#####.....#...######## #..
....#####.....#...##..##### #..
....##........#...........# #..


You could see a griffon and a polar bear.

Vanquished Creatures
  Pikel (D:7)
  Sigmund (D:3)
  A hog (D:7)
  2 orc warriors
  3 sky beasts
  4 phantoms
  5 ogres
  2 ice beasts
  A centaur (D:5)
  3 slaves (D:7)
  3 giant frogs
  An oklob sapling (D:6)
  A scorpion (D:5)
  3 hounds
  A giant frog zombie (D:5)
  A crimson imp (D:7)
  8 orc priests
  Crazy Yiuf (D:7)
  An iguana (D:7)
  2 jellies
  5 worker ants
  A sheep (D:7)
  4 orc wizards
  A hound zombie (D:7)
  2 hound skeletons
  A worker ant zombie (D:7)
  16 adders
  12 gnolls
  An ooze (D:5)
  2 adder skeletons
  2 worms
  2 giant geckos (D:5)
  31 orcs
  7 bats
  4 giant cockroaches
  9 hobgoblins
  13 jackals
  7 kobolds
  2 quokkas (D:2)
  3 ball pythons
  A ball python skeleton (D:4)
  8 giant newts
  5 goblins
  A quokka skeleton (D:5)
  4 rats
189 creatures vanquished.

Vanquished Creatures (others)
  A slave (D:7)
  A giant frog (D:7)
  A worker ant (D:7)
  An orc (D:7)
  2 plants (D:6)
6 creatures vanquished.

Grand Total: 195 creatures vanquished

Notes
Turn   | Place    | Note
--------------------------------------------------------------
     0 | D:1      | pk666 the Deep Elf Wizard began the quest for the Orb.
     0 | D:1      | Reached XP level 1. HP: 10/10 MP: 7/7
   331 | D:1      | Reached XP level 2. HP: 15/15 MP: 6/9
  1113 | D:2      | Reached XP level 3. HP: 19/19 MP: 6/11
  1117 | D:2      | Learned a level 2 spell: Blink
  1120 | D:2      | Learned a level 2 spell: Repel Missiles
  1124 | D:2      | Learned a level 3 spell: Conjure Flame
  1128 | D:2      | Learned a level 3 spell: Mephitic Cloud
  1179 | D:2      | Reached skill level 5 in Spellcasting
  1922 | D:2      | Reached XP level 4. HP: 24/24 MP: 3/13
  2018 | D:2      | Reached skill level 1 in Air Magic
  2339 | D:3      | Reached skill level 1 in Poison Magic
  2414 | D:3      | Noticed ololoev's ghost (average HOFi)
  2415 | D:3      | Noticed Sigmund
  2568 | D:3      | Killed Sigmund
  2568 | D:3      | Reached XP level 5. HP: 28/28 MP: 6/15
  3754 | D:3      | Reached XP level 6. HP: 32/32 MP: 5/16
  3877 | D:3      | Reached skill level 6 in Spellcasting
  4288 | D:4      | Reached skill level 1 in Fire Magic
  4629 | D:4      | Reached XP level 7. HP: 36/36 MP: 5/18
  4897 | D:5      | Entered Level 5 of the Dungeon
  5093 | D:5      | Found a sparkling altar of Nemelex Xobeh.
  5346 | D:5      | Found an ancient bone altar of Kikubaaqudgha.
  5347 | D:5      | Found a blossoming altar of Fedhas.
  5795 | D:5      | Reached skill level 7 in Spellcasting
  5906 | D:5      | Reached XP level 8. HP: 27/41 MP: 8/20
  6226 | D:5      | Reached skill level 5 in Conjurations
  7257 | D:6      | Reached skill level 8 in Spellcasting
  7259 | D:6      | Reached skill level 5 in Poison Magic
  7392 | D:6      | Found a staircase to the Ecumenical Temple.
  7438 | D:6      | Found a stormy altar of Qazlal.
  7456 | D:6      | Got a clouded diamond amulet
  7842 | D:6      | Learned a level 5 spell: Fireball
  7941 | D:6      | Found a glowing silver altar of Zin.
  7941 | D:6      | Found a shadowy altar of Dithmenos.
  8118 | D:6      | Found a white marble altar of Elyvilon.
  8125 | D:6      | Found a basalt altar of Yredelemnul.
  8126 | D:6      | Found a deep blue altar of Sif Muna.
  8146 | D:6      | Became a worshipper of Sif Muna the Loreminder
  8413 | Temple   | Entered the Ecumenical Temple
  8888 | D:7      | Noticed Pikel
  8895 | D:7      | Reached XP level 9. HP: 45/45 MP: 11/23
  8905 | D:7      | Killed Pikel
  8905 | D:7      | Reached skill level 9 in Spellcasting
  8905 | D:7      | Reached skill level 5 in Fire Magic
  9069 | D:7      | Acquired Sif Muna's first power
  9741 | D:7      | Reached skill level 10 in Spellcasting
  9908 | D:7      | Acquired Sif Muna's second power
 10565 | D:7      | Found a huge runed gate.
 10566 | D:7      | Found a huge runed gate.
 10566 | D:7      | Noticed a polar bear
 10566 | D:7      | Noticed a polar bear
 10567 | D:7      | Noticed a polar bear
 10567 | D:7      | Noticed a griffon
 10628 | D:7      | Noticed Crazy Yiuf
 10635 | D:7      | Killed Crazy Yiuf
 10688 | D:7      | Found a huge runed gate.
 10689 | D:7      | Found a huge runed gate.
 10689 | D:7      | Noticed a polar bear
 10983 | D:7      | Slain by a griffon

Vault maps used:
D:1:      minmay_arrival_wavy_path
D:2:      first_bread
D:3:      uniq_sigmund
D:5:      grunt_temple_overflow_growth_and_decay, minmay_misc_feat_x,
          nemelex_spade_bored_becter
D:6:      grunt_qazlal_sundering, minitemple, gammafunk_temple_overflow_wave,
          minmay_temple_entry_oklob
D:7:      lemuel_bear_cage, grunt_ogre_cave, uniq_crazy_yiuf_cottage, uniq_pikel
Temple:   triangle_lava_temple_11

Action                   |  1- 3 |  4- 6 |  7- 9 || total
-------------------------+-------+-------+-------++-------
Melee: Dagger            |       |     2 |    32 ||    34
 Cast: Magic Dart        |    96 |   136 |   440 ||   672
       Repel Missiles    |     1 |       |       ||     1
       Mephitic Cloud    |       |     6 |    29 ||    35
       Conjure Flame     |       |    12 |    26 ||    38
       Blink             |       |     2 |    10 ||    12
       Fireball          |       |       |     3 ||     3
Invok: Channel Energy    |       |       |     2 ||     2
Evoke: Wand              |       |       |     1 ||     1
  Use: Potion            |       |       |     3 ||     3
  Eat: Chunk             |     3 |     8 |    18 ||    29
